 Dungeon Crawl Stone Soup version 0.28-a0-500-g121bc3e445 (webtiles) character file.

Game seed: 195667166107063465

156 Rohain the Gusty (level 5, -2/28 HPs)
             Began as a Tengu Air Elementalist on Sept 19, 2021.
             Was an Initiate of Vehumet.
             Slain by an orc (3 damage)
             ... on level 3 of the Dungeon.
             The game lasted 00:04:07 (3832 turns).

Rohain the Gusty (Tengu Air Elementalist)           Turns: 3832, Time: 00:04:08

Health: -2/28      AC:  2    Str:  8    XL:     5   Next: 37%
Magic:  9/10       EV: 15    Int: 17    God:    Vehumet [......]
Gold:   139        SH:  0    Dex: 14    Spells: 9/10 levels left

rFire   . . .      SeeInvis .   (no weapon)
rCold   . . .      Faith    .   (no shield)
rNeg    . . .      Spirit   .   a - +0 robe
rPois   .          Reflect  .   (helmet restricted)
rElec   .          Harm     .   (no cloak)
rCorr   .          Rampage  .   (no gloves)
Will    .....                   (boots unavailable)
Stlth   ++........              (no amulet)
HPRegen 0.09/turn               (no ring)
MPRegen 0.12/turn               (no ring)

@: flying quickly and evasively, quick
A: beak, talons 3, nimble flight
a: Renounce Religion


You were on level 3 of the Dungeon.
You worshipped Vehumet.
Vehumet was noncommittal.
You visited 1 branch of the dungeon, and saw 4 of its levels.

You collected 139 gold pieces.

Inventory:

Missiles
 e - a throwing net
Armour
 a - a +0 robe (worn)
Scrolls
 b - a scroll of magic mapping {unknown}
 g - 7 scrolls of identify {unknown}
 i - a scroll of noise {unknown}
Potions
 c - a potion of experience {unknown}
 d - 2 potions of lignification {unknown}
 f - a potion of attraction {unknown}
 h - 2 potions of flight
 j - a potion of curing {unknown}
 k - a potion of mutation {unknown}
 l - a potion of berserk rage {unknown}


   Skills:
 + Level 3.4 Dodging
 - Level 2.0 Stealth
 + Level 3.0 Spellcasting
 + Level 3.4 Conjurations
 + Level 5.2 Air Magic


You had 9 spell levels left.
You knew the following spells:

 Your Spells              Type           Power      Damage    Failure   Level
a - Shock                 Conj/Air       68%        1d7       3%          1

Your spell library contained the following spells:

 Spells                   Type           Power      Damage    Failure   Level
 Static Discharge         Conj/Air       17%        N/A       4%          2
 Swiftness                Air            20%        N/A       6%          3
 Airstrike                Air            10%        N/A       21%         4
 Dazzling Flash           Conj/Hex       16%        N/A       26%         3
 Silence                  Hex/Air        5%         N/A       86%         5
 Agony                    Necr           2%         N/A       99%         5


Dungeon Overview and Level Annotations

Branches:
Dungeon (4/15)
 Temple: D:4-7

Altars:
Ashenzari
Gozag
Hepliaklqana
Nemelex Xobeh
Ru
Vehumet

Annotations:
D:3 1 runed translucent door, Crazy Yiuf


Innate Abilities, Weirdness & Mutations

You have a beak for a mouth.
You have claws for feet.
Your magical nature lets you fly swiftly and evasively.


Message History

HP restored.
Things that are here:
a +0 falchion; a +0 ring mail of poison resistance; an orc corpse Crazy Yiuf shouts!
Could not explore, unopened runed door.
(D) Dungeon
Where to? (Enter - D:4, ? - help)
What level of the Dungeon? (default 1, ? - help)
Things that are here:
a +0 falchion; a +0 ring mail of poison resistance; an orc corpse
There is a stone staircase leading down here.
You fly downwards.
The adder bites you but does no damage. The orc barely misses you.
The goblin hits you but does no damage. The orc closely misses you.
The adder barely misses you. The orc hits you with a +0 hand axe!
There is a stone staircase leading up, spattered with blood here.
The zap hits the adder!
The adder is severely wounded.
The adder bites you but does no damage. The goblin hits you with a +0 club.
The orc hits you with a +0 flail! The orc hits you with a +0 hand axe.
* * * LOW HITPOINT WARNING * * *
Unknown command.
The adder bites you.
* * * LOW HITPOINT WARNING * * *
The goblin hits you but does no damage. The orc closely misses you.
The orc barely misses you. The adder bites you.
* * * LOW HITPOINT WARNING * * *
You fly upwards.
Level annotation: 1 runed translucent door, Crazy Yiuf
There is a stone staircase leading down here.
Okay, then.
The adder bites you.
* * * LOW HITPOINT WARNING * * *
Unknown command.
It was a potion of flight.
You feel more buoyant. The goblin hits you with a +0 club.
* * * LOW HITPOINT WARNING * * *
The adder closely misses you. The orc hits you with a +0 flail.
You die...

##..##### #.##.... #####
#.......#####.#####< #)..#
##..###............. #...#
##..# ######........ ...
#...# #.#####.# #+# #####
#....##.# ♣.♣♣ #########
#.##.##.# ♣♣.♣ #..o....#
#.##.##.# ♣.♣♣
#.@g....###.......# ♣♣.♣
#.So....#.######### ♣♣.♣♣
#.......[#......... ♣♣P..♣
#.......#.#..###### ♣PP..♣
#.......#.......#.# #....#
#.>.....#.#.....#.# #....#
#########.#...#.#.# #...##
#..............#
##.#########.####<.#.##.###


You could see an adder, 2 orcs and a goblin.

Vanquished Creatures
  A scorpion (D:3)
  4 adders
  3 dart slugs
  An orc (D:3)
  7 bats
  3 endoplasms
  2 giant cockroaches (D:1)
  7 goblins
  5 hobgoblins
  A jackal (D:3)
  2 kobolds (D:2)
  3 quokkas
  8 ball pythons
  2 frilled lizards
  7 rats
56 creatures vanquished.

Notes
Turn   | Place    | Note
-------+----------+-------------------------------------------
     0 | D:1      | Rohain the Tengu Air Elementalist began the quest for the
                  | Orb.
     0 | D:1      | Reached XP level 1. HP: 10/10 MP: 4/4
   166 | D:1      | Reached XP level 2. HP: 15/15 MP: 4/6
   510 | D:1      | Found a faded altar of an unknown god.
   672 | D:1      | Reached XP level 3. HP: 18/19 MP: 1/7
  2006 | D:2      | Reached XP level 4. HP: 19/24 MP: 3/8
  2176 | D:2      | Found a sparkling altar of Nemelex Xobeh.
  2792 | D:3      | Found an opulent altar of Gozag.
  2799 | D:3      | Found a broken altar of Ashenzari.
  2799 | D:3      | Found a hazy altar of Hepliaklqana.
  2801 | D:3      | Found a radiant altar of Vehumet.
  2803 | D:3      | Found a sacrificial altar of Ru.
  2807 | D:3      | Became a worshipper of Vehumet
  2993 | D:3      | Noticed a scorpion
  3011 | D:3      | Killed a scorpion
  3012 | D:3      | Reached skill level 5 in Air Magic
  3012 | D:3      | Gained mutation: Your magical nature lets you fly swiftly
                  | and evasively. [Tengu growth]
  3012 | D:3      | Reached XP level 5. HP: 21/28 MP: 1/10
  3426 | D:3      | Found a runed translucent door.
  3427 | D:3      | Noticed Crazy Yiuf
  3832 | D:3      | HP: 1/28 [goblin (1)]
  3832 | D:3      | Slain by an orc

Illustrated notes

Levels and vault maps discovered:
D:1:      amcnicky_arrival_abandoned_market, layout_basic,
          shapermc_ecumenical_altar_mp_vishouse, minmay_tree_intersection
D:2:      layout_loops_corners, basic_altar
D:3:      minmay_general_purpose_star, layout_loops_cross, minitemple,
          roderic_serpentine_path, uniq_crazy_yiuf_cottage
D:4:      layout_rooms, lemuel_temple_firewalk_b, serial_shops, shop,
          hangedman_decor_riveting

Skill      XL: |  1  2  3  4  5 |
---------------+----------------+-----
Conjurations   | 2 3 |  3.4
Dodging        | 3 |  3.4
Air Magic      | 5 |  5.2
Spellcasting   | 3 |  3.0
Stealth        | |  2.0

Action                   |  1- 3 |  4- 6 || total
-------------------------+-------+-------++-------
Melee: Unarmed           |     7 |       ||     7
       Kick              |     1 |       ||     1
       Peck              |     1 |       ||     1
 Cast: Shock             |    89 |    38 ||   127
  Use: Potion            |       |     1 ||     1
Armor: Robe              |     7 |     6 ||    13
Dodge: Dodged            |    15 |    15 ||    30

Table legend: (Time is in decaauts)
 A = Elapsed time spent in this place.
 B = Non-inter-level travel time spent in this place.
 C = Inter-level travel time spent in this place.
 D = Time resting spent in this place.
 E = Time spent auto-exploring this place.
 F = Levels seen in this place.
 G = Mean time per level.
                   A        B        C        D        E       F      G
               +--------+--------+--------+--------+--------+-----+--------+
         Total |   3783 |   3656 |    127 |    467 |   2891 |   4 |  945.8 |
       Dungeon |   3783 |   3656 |    127 |    467 |   2891 |   4 |  945.8 |
               +--------+--------+--------+--------+--------+-----+--------+

Top non-repeatable levels by time:
     D:3: 1351 daAuts
     D:2: 1249 daAuts
     D:1: 1172 daAuts
     D:4: 10 daAuts
